 Dungeon Crawl Stone Soup version 0.20-a0-710-g71b569a (webtiles) character file.

26888 GlassEater the Spear-Bearer (level 13, -10/111 HPs)
             Began as a Merfolk Berserker on Feb 22, 2017.
             Was a High Priest of Trog.
             Splashed by an oklob plant's acid (14 damage)
             ... on level 3 of the Lair of Beasts.
             The game lasted 00:41:26 (15646 turns).

GlassEater the Spear-Bearer (Merfolk Berserker)    Turns: 15646, Time: 00:41:28

Health: -10/111    AC: 11    Str: 18    XL:     13   Next: 28%
Magic:  13/13      EV: 26    Int:  7    God:    Trog [*****.]
Gold:   956        SH: 16    Dex: 17    Spells: 12/12 levels left

rFire    . . .     SeeInvis +   a - +7 demon trident (drain)
rCold    . . .     Gourm    +   N - +8 ring mail "Viwninik" {*Slow rElec rPois Slay+4}
rNeg     . . .     Faith    .   C - +3 shield
rPois    +         Spirit   .   O - +1 hat {SInv}
rElec    +         Reflect  .   B - +0 cloak
rCorr    .         Harm     .   g - +0 pair of gloves
MR       .....                  H - +0 pair of boots
Stlth    +.........             z - amulet of the gourmand
Regen    0.3/turn               i - +4 ring of evasion
MPRegen  0.2/turn               M - +4 ring of evasion

@: exhausted, corroded, very slightly contaminated, slowed, very slow
A: change form in water, swift swim, stealthy swim, iridescent scales 1
a: Berserk, Trog's Hand, Brothers in Arms, Burn Spellbooks, Renounce Religion


You were on level 3 of the Lair of Beasts.
You worshipped Trog.
Trog was extremely pleased with you.
You were very full.

You visited 2 branches of the dungeon, and saw 14 of its levels.
You also visited: Sewer.

You collected 956 gold pieces.

Inventory:

Hand Weapons
 a - a +7 demon trident of draining (weapon)
 b - a +2 spear of venom
Missiles
 e - 2 tomahawks of returning (quivered)
 D - 2 throwing nets
 E - 5 tomahawks
Armour
 g - a +0 pair of gloves (worn)
 B - a +0 cloak (worn)
 C - a +3 shield (worn)
 H - a +0 pair of boots (worn)
 N - the +8 ring mail "Viwninik" (worn) {*Slow rElec rPois Slay+4}
   (You found it on level 1 of the Lair of Beasts)

   It affects your accuracy and damage with ranged weapons and melee attacks
   (+4).
   It insulates you from electricity.
   It protects you from poison.
   It may slow you when you take damage.
 O - a +1 hat of see invisible (worn)
Jewellery
 i - a +4 ring of evasion (right hand)
 w - an uncursed ring of ice
 z - an amulet of the gourmand (around neck)
 F - an uncursed ring of poison resistance
 M - a +4 ring of evasion (left hand)
 R - the amulet of Yhiar {Faith Dex+2, unknown}
   (You found it on level 3 of the Lair of Beasts)

   [amulet of faith]

   It allows you to gain divine favour quickly.
   It affects your dexterity (+2).
Wands
 l - a wand of digging (13/24)
 n - a wand of acid (10/15)
 t - a wand of confusion (23/48)
 I - a wand of lightning (15/15)
 K - a wand of iceblast (7/15)
Scrolls
 f - 3 scrolls of fear
 j - 9 scrolls of remove curse
 o - 4 scrolls of teleportation
 s - 2 scrolls of blinking
 y - 3 scrolls of recharging
 A - a scroll of silence
 Q - a scroll of noise {unknown}
Potions
 d - 3 potions of brilliance
 h - 2 potions of agility
 k - 9 potions of curing
 m - 2 potions of haste
 r - 4 potions of lignification
 u - 2 potions of heal wounds
 v - 7 potions of flight
 x - 2 potions of might
 L - a potion of magic
 P - a potion of mutation
Comestibles
 c - 12 bread rations
 p - 15 fruits
 q - 15 meat rations
 G - 4 chunks of flesh
 J - 7 royal jellies


   Skills:
 + Level 13.4 Fighting
 - Level 14.0 Polearms
 - Level 1.3 Armour
 + Level 11.8 Dodging
 + Level 12.7 Shields


You had 12 spell levels left.
You didn't know any spells.

Dungeon Overview and Level Annotations

Branches:
Dungeon (11/15)            Temple (0/1) D:5            Lair (3/6) D:9
  Swamp (0/4) Lair:2          Orc (0/2) D:11
  Snake: Lair:2-4    Spider: Lair:2-4

Altars:
Cheibriados
Dithmenos
Gozag
Trog
The Shining One

Annotations:
Lair:3 exclusion: 2 oklob plants


Innate Abilities, Weirdness & Mutations

You revert to your normal form in water.
You are very nimble and swift while swimming.
You are very stealthy in the water. (Stealth+)
You are partially covered in iridescent scales. (AC +2)


Message History

You impale the oklob plant!!
You destroy the oklob plant!
Trog accepts your kill. The oklob plant spits acid at you.
The splash of acid misses you.
You see here a slimy sapphire amulet.
R - a slimy sapphire amulet You feel a strong urge to attack something.
You are no longer berserk.
You are exhausted.
You feel yourself slow down.
Blink to where?
Press: ? - help, Dir - move target cursor You are very lightly contaminated with residual magic.
As you read the scroll of blinking, it crumbles to dust.
The oklob plant spits acid at you. The splash of acid hits you!
* * * LOW HITPOINT WARNING * * *
You are splashed with acid!
The acid burns!
You die...

#
##...#..#P..)................
#..#######.................P
##.# ##........P.####.##
##.########.........## ####
######....##P.#.........##
##.P#.#.................#
........................#
.............#.#.##.#...#.
..............#.@.##.....#
.............####.##....##
.............##.........#
.............P#..........
..............÷#....P#.. .
###.#####.#.####..$.$# # # #
### ##### #..|$P# #..$.§#
#P.$.(#


You could see an oklob plant.

Vanquished Creatures
  Gastronok (Lair:3)
  A hydra (Lair:3)
  A two-headed ogre (D:11)
  The ghost of ZaiJai the Carver, a novice MiMo of Trog (D:9)
  A death knight (D:11)
  4 death yaks (Lair:3)
  Pikel (D:7)
  A phantasmal warrior (D:11)
  2 oklob plants (Lair:3)
  A cyclops (D:11)
  Joseph (D:7)
  An ugly thing (D:11)
  A black mamba (Lair:3)
  4 komodo dragons
  3 spiny frogs
  A rime drake (Lair:3)
  A freezing wraith (D:11)
  2 tyrant leeches (Lair:2)
  2 trolls (D:11)
  3 polar bears
  Grinder (Sewer)
  3 blink frogs (Lair:2)
  2 hornets
  4 hippogriffs
  A vampire (D:10)
  Eustachio (D:4)
  2 wyverns
  A wraith (D:11)
  8 yaks (D:11)
  3 hungry ghosts
  The ghost of iishen the Insei, an amateur MfTm (D:5)
  A swamp worm (Lair:2)
  7 water moccasins
  4 porcupines
  3 ice beasts
  5 orc warriors
  3 slaves (D:7)
  3 sky beasts
  2 phantoms
  3 necrophages (D:7)
  4 wolves (Lair:3)
  A centaur (D:5)
  5 ogres
  5 crocodiles
  4 big kobolds
  11 bullfrogs
  A gnoll sergeant (D:11)
  A wyvern skeleton (D:8)
  3 scorpions
  13 killer bees
  12 wights
  3 howler monkeys
  An electric eel (D:9)
  4 crimson imps
  4 quasits
  A centaur zombie (D:8)
  2 jellies
  10 orc wizards
  5 hounds
  3 centaur skeletons
  An orc priest (D:6)
  A bullfrog skeleton (D:8)
  4 iguanas
  12 worker ants
  A killer bee zombie (D:7)
  A big kobold zombie (Sewer)
  A bullfrog simulacrum (D:9)
  A mummy (D:7)
  3 worker ant zombies
  A howler monkey zombie (D:11)
  11 adders
  5 gnolls
  A howler monkey skeleton (D:8)
  4 shadow imps
  2 white imps
  9 ufetubi
  A worm (D:5)
  2 dart slugs
  7 leopard geckos
  51 orcs
  A ball python (D:5)
  7 bats
  2 bat zombies (Sewer)
  11 giant cockroaches
  4 goblins
  11 hobgoblins
  11 jackals
  4 quokkas
  A ball python skeleton (D:4)
  3 frilled lizards
  A giant cockroach zombie (Sewer)
  3 goblin skeletons (D:5)
  A goblin zombie (D:5)
  2 hobgoblin zombies (D:5)
  A jackal zombie (D:5)
  23 kobolds
  4 kobold zombies
  3 leopard gecko skeletons
  An orc skeleton (D:5)
  2 orc zombies (D:5)
  9 rats
408 creatures vanquished.

Vanquished Creatures (collateral kills)
  4 yaks (D:11)
  3 wights (D:11)
7 creatures vanquished.

Vanquished Creatures (others)
  A wizard (D:10)
  A kobold zombie (Sewer)
  10 plants
12 creatures vanquished.

Grand Total: 427 creatures vanquished

Notes
Turn   | Place    | Note
-------+----------+-------------------------------------------
     0 | D:1      | GlassEater the Merfolk Berserker began the quest for the Orb.
     0 | D:1      | Reached XP level 1. HP: 18/18 MP: 1/1
   277 | D:1      | Reached skill level 5 in Polearms
   285 | D:1      | Reached XP level 2. HP: 18/24 MP: 2/2
   966 | D:2      | Reached XP level 3. HP: 29/29 MP: 3/3
   973 | D:2      | Reached ** piety under Trog
   973 | D:2      | Reached skill level 6 in Polearms
  1029 | D:2      | Reached skill level 1 in Shields
  1709 | D:3      | Reached XP level 4. HP: 10/35 MP: 4/4
  2405 | D:3      | Reached XP level 5. HP: 41/41 MP: 5/5
  2479 | D:3      | Found a snail-covered altar of Cheibriados.
  2645 | D:4      | Noticed Eustachio
  2645 | D:4      | Noticed an ogre
  2745 | D:4      | Gained mutation: Your body sometimes deteriorates upon taking damage. [potion of mutation]
  2745 | D:4      | Gained mutation: You are partially covered in slimy green scales. (AC +2) [potion of mutation]
  2746 | D:4      | Lost mutation: Your body sometimes deteriorates upon taking damage. [potion of mutation]
  2746 | D:4      | Lost mutation: You are partially covered in slimy green scales. (AC +2) [potion of mutation]
  2746 | D:4      | Gained mutation: You are dopey. (Int -2) [potion of mutation]
  2746 | D:4      | Gained mutation: You are clumsy. (Dex -2) [potion of mutation]
  2746 | D:4      | Gained mutation: You have a pair of small antennae on your head. [potion of mutation]
  2746 | D:4      | Gained mutation: Your flesh is heat resistant. (rF+) [potion of mutation]
  2943 | D:4      | Reached *** piety under Trog
  2946 | D:4      | Reached skill level 7 in Polearms
  3038 | D:4      | Killed an ogre
  3038 | D:4      | Reached XP level 6. HP: 48/48 MP: 6/6
  3205 | D:4      | Killed Eustachio
  3205 | D:4      | Reached skill level 8 in Polearms
  3205 | D:4      | Reached XP level 7. HP: 54/54 MP: 7/7
  3902 | D:4      | Reached skill level 9 in Polearms
  4236 | D:5      | Entered Level 5 of the Dungeon
  4262 | D:5      | Found a glowing golden altar of the Shining One.
  4437 | D:5      | Found a glowing drain.
  4441 | Sewer    | Entered a sewer
  4625 | Sewer    | Reached **** piety under Trog
  4822 | Sewer    | Reached skill level 10 in Polearms
  5005 | Sewer    | Found a burning altar of Makhleb.
  5122 | Sewer    | Reached XP level 8. HP: 61/61 MP: 8/8
  5183 | Sewer    | Noticed Grinder
  5242 | Sewer    | Killed Grinder
  5242 | Sewer    | Reached skill level 5 in Fighting
  5425 | D:5      | Reached skill level 5 in Dodging
  5514 | D:5      | Noticed iishen's ghost (amateur MfTm)
  5519 | D:5      | Killed iishen's ghost
  5519 | D:5      | Reached skill level 11 in Polearms
  5796 | D:5      | Found a staircase to the Ecumenical Temple.
  5879 | D:6      | Found a shadowy altar of Dithmenos.
  5902 | D:6      | Reached skill level 5 in Shields
  6299 | D:6      | Reached XP level 9. HP: 69/69 MP: 9/9
  6698 | D:6      | Reached skill level 12 in Polearms
  7274 | D:7      | Reached ***** piety under Trog
  7446 | D:7      | Found an opulent altar of Gozag.
  7607 | D:7      | Noticed Pikel
  7616 | D:7      | Killed Pikel
  7616 | D:7      | Reached skill level 13 in Polearms
  7647 | D:7      | Noticed Joseph
  7676 | D:7      | Killed Joseph
  7676 | D:7      | Reached XP level 10. HP: 45/79 MP: 10/10
  8874 | D:8      | Paralysed by a hornet for 3 turns
  9757 | D:9      | Received a gift from Trog
  9810 | D:9      | Noticed ZaiJai's ghost (novice MiMo)
  9835 | D:9      | Killed ZaiJai's ghost
  9952 | D:9      | Reached skill level 14 in Polearms
  9958 | D:9      | Reached XP level 11. HP: 87/87 MP: 11/11
 10951 | D:9      | Found a staircase to the Lair.
 11244 | D:10     | Entered Level 10 of the Dungeon
 11291 | D:10     | Got a pitted hat
 11297 | D:10     | Identified the cursed +0 hat of Miprogih {Str+3} (You found it on level 10 of the Dungeon)
 11314 | D:10     | Found a bloodstained altar of Trog.
 11315 | D:10     | Noticed a wizard
 11320 | D:10     | Killed a wizard
 12136 | D:11     | Noticed a brown ugly thing
 12144 | D:11     | Killed a brown ugly thing
 12178 | D:11     | Noticed a two-headed ogre
 12187 | D:11     | Killed a two-headed ogre
 12224 | D:11     | Reached skill level 10 in Shields
 12316 | D:11     | Received a gift from Trog
 12316 | D:11     | Reached skill level 10 in Fighting
 12409 | D:11     | Noticed a death knight
 12425 | D:11     | Killed a death knight
 12425 | D:11     | Reached skill level 10 in Dodging
 12432 | D:11     | Noticed a phantasmal warrior
 12440 | D:11     | Killed a phantasmal warrior
 12694 | D:11     | Reached XP level 12. HP: 99/99 MP: 12/12
 12845 | D:11     | Found a staircase to the Orcish Mines.
 13229 | Lair:1   | Entered Level 1 of the Lair of Beasts
 13323 | Lair:1   | Got a crude ring mail
 13334 | Lair:1   | Identified the +8 ring mail "Viwninik" {*Slow rElec rPois Slay+4} (You found it on level 1 of the Lair of Beasts)
 14400 | Lair:2   | Found a staircase to the Swamp.
 14959 | Lair:3   | Noticed Gastronok
 14976 | Lair:3   | Killed Gastronok
 15260 | Lair:3   | Lost mutation: You are dopey. (Int -2) [potion of mutation]
 15260 | Lair:3   | Lost mutation: You have a pair of small antennae on your head. [potion of mutation]
 15260 | Lair:3   | Lost mutation: Your flesh is heat resistant. (rF+) [potion of mutation]
 15260 | Lair:3   | Gained mutation: You are partially covered in iridescent scales. (AC +2) [potion of mutation]
 15260 | Lair:3   | Lost mutation: You are clumsy. (Dex -2) [potion of mutation]
 15335 | Lair:3   | Noticed a death yak
 15336 | Lair:3   | Noticed a death yak
 15336 | Lair:3   | Noticed a death yak
 15347 | Lair:3   | Killed a death yak
 15347 | Lair:3   | Reached XP level 13. HP: 109/109 MP: 13/13
 15644 | Lair:3   | Got a slimy sapphire amulet
 15646 | Lair:3   | HP: 4/111 [oklob plant/splash of acid (7)]
 15646 | Lair:3   | Splashed by an oklob plant's acid

Vault maps used:
D:1:      mrwooster_arrival_arrow, minmay_tripent
D:3:      kennysheep_slug_shrine
D:4:      first_bread, uniq_eustachio
D:5:      nicolae_tso_besieged_by_evil, minmay_temple_entry_statues,
          gup_sewer_entry_bowl
D:6:      nicolae_dithmenos_shadow_blocks
D:7:      serial_undead, serial_undead_d, serial_undead_a, serial_undead_f,
          serial_undead_e, serial_undead_f, grunt_gozag_breadcrumbs, uniq_pikel,
          uniq_joseph
D:8:      corexii_shack_village, grunt_ogre_cave, hangedman_decor_growths,
          minivault_11, kennysheep_generic_room_15
D:9:      david_lair_shrubbed, serial_ice, serial_ice_i, serial_ice_d,
          serial_ice_b, serial_ice_e, serial_bayou_pond_d
D:10:     trog_wizard
D:11:     kennysheep_orc_monster_closet_entryway
Lair:2:   minmay_swamp_entry_worms
Lair:3:   wad_woods_04, grunt_megastairs_5, minmay_lair_oklob_chamber,
          uniq_gastronok
Sewer:    kennysheep_sewer_church

Skill      XL: |  1  2  3  4  5  6  7  8  9 10 11 12 13 |
---------------+----------------------------------------+-----
Polearms       | 5 6 7 8 10 11 13 14 | 14.0
Shields        | 2 3 5 6 8 10 12 | 12.7
Dodging        | 3 4 5 7 8 10 11 | 11.8
Fighting       | 4 5 7 8 10 12 13 | 13.4
Armour         | |  1.3

Action                   |  1- 3 |  4- 6 |  7- 9 | 10-12 | 13-15 || total
-------------------------+-------+-------+-------+-------+-------++-------
Melee: Spear             |   130 |   110 |   578 |   594 |       ||  1412
       Tailslap          |       |     1 |     4 |     1 |       ||     6
       Demon trident     |       |       |       |   269 |    37 ||   306
Invok: Berserk           |     1 |     3 |    10 |    24 |     2 ||    40
       Burn Spellbooks   |       |     1 |       |     2 |       ||     3
       Trog's Hand       |       |       |       |     8 |       ||     8
  Use: Scroll            |       |     3 |     5 |    22 |     1 ||    31
       Potion            |       |     2 |       |     3 |       ||     5
  Eat: Chunk             |     2 |     8 |    38 |    62 |     3 ||   113
       Royal jelly       |       |       |     1 |       |       ||     1
Armor: Animal skin       |    22 |       |       |       |       ||    22
       Leather armour    |       |     8 |    30 |       |       ||    38
       Ring mail         |       |       |    20 |    62 |     4 ||    86
Dodge: Dodged            |    87 |    36 |   216 |   231 |    18 ||   588
Block: Buckler           |     3 |    26 |   107 |       |       ||   136
       Shield            |       |       |    27 |   340 |    24 ||   391
